 Dungeon Crawl Stone Soup version 0.24.1-8-ga250c9d538 (webtiles) character file.

Game seed: 11662388698090514765, levelgen mode: deterministic

9362 Peloso the Blocker (level 11, -7/89 HPs)
             Began as a Gnoll Fighter on May 6, 2020.
             Was a High Priest of Okawaru.
             Mangled by a minotaur
             ... wielding an uncursed staff of wizardry
              (19 damage)
             ... in a Gauntlet.
             The game lasted 00:26:16 (8718 turns).

Peloso the Blocker (Gnoll Fighter)                  Turns: 8718, Time: 00:26:17

Health: -7/89      AC: 20    Str: 32    XL:     11   Next: 45%
Magic:  14/20      EV: 15    Int: 10    God:    Okawaru [*****.]
Gold:   500        SH:  7    Dex: 13    Spells: 22/22 levels left

rFire    + + +     SeeInvis .   a - +0 long sword
rCold    + + .     Gourm    .   c - +0 buckler "Gatwiuh" {rN+ Dex+2}
rNeg     + . .     Faith    .   E - +2 chain mail "Biamung" {rElec rPois rCorr Dex-3}
rPois    +         Spirit   .   u - +0 hat {MR+}
rElec    +         Reflect  .   K - scarf {rC+ rF+}
rCorr    +         Harm     .   y - +2 pair of gloves
MR       .....     NoTele   +   t - +0 pair of boots
Stlth    ++........             q - amulet of rage
HPRegen  0.24/turn              i - +4 ring of strength
MPRegen  0.17/turn              z - ring of Fihaumoi {rElec rF++ rC+ MR- Str+5}

@: heroism, finesse
A: distributed training, fangs 1, strong nose
a: Heroism, Finesse, Renounce Religion, Evoke Berserk Rage


You were in a Gauntlet.
You worshipped Okawaru.
Okawaru was extremely pleased with you.
You were very hungry.

You visited 2 branches of the dungeon, and saw 11 of its levels.
You also visited: Gauntlet.

You collected 500 gold pieces.

Inventory:

Hand Weapons
 a - a +0 long sword (weapon)
 b - a +0 hand axe of flaming
 F - the +12 hand axe "Arghok" {chop, *Slow rF++ rN+++ Str-2}
   (You found it on level 9 of the Dungeon)

   It inflicts extra damage upon your enemies.
   It affects your strength (-2).
   It greatly protects you from fire.
   It renders you almost immune to negative energy.
   It may slow you when you take damage.
Armour
 c - the +0 buckler "Gatwiuh" (worn) {rN+ Dex+2}
   (Okawaru gifted it to you in a Gauntlet)

   It affects your dexterity (+2).
   It protects you from negative energy.
 n - a +0 chain mail
 t - a +0 pair of boots (worn)
 u - a +0 hat of magic resistance (worn)
 w - a +0 cloak
 y - a +2 pair of gloves (worn)
 D - a +0 plate armour
 E - the +2 chain mail "Biamung" (worn) {rElec rPois rCorr Dex-3}
   (You found it on level 9 of the Dungeon)

   It affects your dexterity (-3).
   It insulates you from electricity.
   It protects you from poison.
   It provides partial protection from all sources of acid and corrosion.
 K - a scarf of resistance (worn)
Jewellery
 i - a +4 ring of strength (left hand)
 q - an amulet of rage (around neck)
 r - the ring "Ogugak" {rElec rC+ MR+ Dex+2}
   (You found it in a Gauntlet)

   [ring of protection from cold]

   It affects your dexterity (+2).
   It protects you from cold.
   It insulates you from electricity.
   It affects your resistance to hostile enchantments.
 z - the ring of Fihaumoi (right hand) {rElec rF++ rC+ MR- Str+5}
   (You found it on level 6 of the Dungeon)

   [ring of strength]

   It affects your strength (+5).
   It greatly protects you from fire.
   It protects you from cold.
   It insulates you from electricity.
   It affects your resistance to hostile enchantments.
Wands
 v - a wand of polymorph (8)
 I - a wand of scattershot (4)
Scrolls
 e - 2 scrolls of teleportation
 j - 7 scrolls of remove curse
 l - a scroll of random uselessness {unknown}
 m - 3 scrolls of identify
 p - a scroll of fear {unknown}
 x - a scroll of noise {unknown}
 B - a scroll of enchant weapon {unknown}
 C - a scroll of holy word {unknown}
 H - a scroll of amnesia {unknown}
Potions
 d - a potion of might
 g - 5 potions of curing
 h - a potion of magic
 k - 2 potions of cancellation
 o - a potion of berserk rage
 s - 3 potions of flight
 A - a potion of brilliance
 G - a potion of ambrosia
 J - a potion of heal wounds
Comestibles
 f - 21 rations


   Skills:
 + Level 9.1(14.1) Fighting
 + Level 6.2(11.2) Short Blades
 + Level 7.8(12.8) Long Blades
 + Level 6.2(11.2) Axes
 + Level 6.2(11.2) Maces & Flails
 + Level 6.2(11.2) Polearms
 + Level 6.2(11.2) Staves
 + Level 6.2(11.2) Slings
 + Level 6.2(11.2) Bows
 + Level 6.2(11.2) Crossbows
 + Level 6.2(11.2) Throwing
 + Level 9.1(14.1) Armour
 + Level 6.2(11.2) Dodging
 + Level 6.2(11.2) Stealth
 + Level 9.1(14.1) Shields
 + Level 6.2(11.2) Unarmed Combat
 + Level 6.2 Spellcasting
 + Level 5.1 Conjurations
 + Level 5.1 Hexes
 + Level 5.1 Charms
 + Level 5.1 Summonings
 + Level 5.1 Necromancy
 + Level 5.1 Translocations
 + Level 5.1 Transmutations
 + Level 5.1 Fire Magic
 + Level 5.1 Ice Magic
 + Level 5.1 Air Magic
 + Level 5.1 Earth Magic
 + Level 5.1 Poison Magic
 + Level 6.8 Invocations
 + Level 6.2 Evocations


You had 22 spell levels left.
You didn't know any spells.
Your spell library contained the following spells:

 Spells                   Type           Power        Failure   Level  Hunger
 Animate Skeleton         Necr           N/A          8%          1    None
 Freeze                   Ice            ##..         8%          1    None
 Pain                     Necr           ##..         8%          1    None
 Throw Frost              Conj/Ice       ##....       12%         2    ##.....
 Ozocubu's Armour         Chrm/Ice       ##......     22%         3    ###....
 Regeneration             Chrm/Necr      ##........   22%         3    ###....
 Vampiric Draining        Necr           ##........   22%         3    ###....
 Animate Dead             Necr           N/A          58%         4    ####...
 Summon Ice Beast         Ice/Summ       ##......     58%         4    ####...
 Throw Icicle             Conj/Ice       ##......     58%         4    ####...


Dungeon Overview and Level Annotations

Branches:
Dungeon (12/15)            Temple (1/1) D:4             Orc (0/2) D:12
Gauntlet (1/1)
   Lair: D:8-11

Altars:
Ashenzari
Cheibriados
Dithmenos
Elyvilon
Fedhas
Hepliaklqana
Makhleb
Nemelex Xobeh
Okawaru
Qazlal
Ru
Trog
Uskayaw
Vehumet
Wu Jian
Xom
Yredelemnul
Zin
The Shining One

Shops:
D:8 (![(

Annotations:
Gauntlet 10 transporters, 21 runed translucent doors


Innate Abilities, Weirdness & Mutations

Your experience applies equally to all skills.
You have very sharp teeth.
Your uncanny sense of smell can sniff out nearby items.


Message History

The minotaur hits you but does no damage.
The minotaur gores you!
You barely miss the minotaur.
Your chain mail "Biamung" prevents you from hitting the minotaur.
The minotaur furiously retaliates!
The minotaur headbutts you!
You bite the minotaur.
The minotaur is lightly wounded.
You slash the minotaur!
The minotaur is lightly wounded.
The minotaur hits you with an uncursed staff of wizardry!!
The minotaur gores you!!
* * * LOW HITPOINT WARNING * * *
You hit the minotaur but do no damage.
The minotaur is lightly wounded.
You hit the minotaur. Your bite misses the minotaur.
The minotaur is lightly wounded.
You slash the minotaur!
The minotaur is moderately wounded.
The minotaur hits you with an uncursed staff of wizardry!!
You die...

####### #≈≈≈≈≈#
#≈≈∩≈≈# #≈.H.≈#
###@### #.....#
#######'#######
#......(......#
#.###.###.###.#
#.###.###.###.#
#.............#
###.###.###.###
#####.###.###.#####


You could see a minotaur.

Vanquished Creatures
  A hydra (D:12)
  A hell hog (Gauntlet)
  A sixfirhy (Gauntlet)
  Pikel (D:4)
  A hornet (D:7)
  Grinder (D:5)
  2 hippogriffs
  2 shadows (Gauntlet)
  Sigmund (D:5)
  A spriggan (D:7)
  Grum (D:9)
  A basilisk (D:12)
  4 fire bats (Gauntlet)
  3 vampire mosquitoes (D:12)
  2 hell hounds (Gauntlet)
  An ice beast (D:9)
  5 sky beasts
  An eye of draining (D:12)
  6 orc warriors
  A slave (D:4)
  2 ogres
  3 phantoms
  3 centaurs
  4 wolves (D:9)
  3 bullfrogs
  A scorpion (D:7)
  A water moccasin skeleton (D:9)
  9 killer bees
  2 wights (D:12)
  5 howler monkeys
  A bullfrog zombie (D:6)
  A crimson imp (D:12)
  A quasit (D:6)
  2 jellies
  5 orc priests
  A bullfrog skeleton (D:4)
  4 orc wizards
  2 centaur skeletons
  2 hounds
  3 iguanas
  9 worker ants
  A hound zombie (D:5)
  A hound skeleton (D:9)
  7 gnolls
  3 howler monkey skeletons
  5 adders
  2 shadow imps
  4 ufetubi (Gauntlet)
  2 adder skeletons
  4 worms
  A dart slug (D:1)
  4 leopard geckos
  43 orcs
  2 ball pythons
  7 bats
  7 giant cockroaches
  7 goblins
  10 hobgoblins
  20 jackals
  3 quokkas
  8 frilled lizards
  9 kobolds
  6 rats
257 creatures vanquished.

Vanquished Creatures (others)
  A leopard gecko (D:5)
  14 demonic plants (Gauntlet)
15 creatures vanquished.

Grand Total: 272 creatures vanquished

Notes
Turn   | Place    | Note
-------+----------+-------------------------------------------
     0 | D:1      | Peloso the Gnoll Fighter began the quest for the Orb.
     0 | D:1      | Reached XP level 1. HP: 23/23 MP: 1/1
    99 | D:1      | Reached XP level 2. HP: 29/29 MP: 2/2
   374 | D:1      | Reached XP level 3. HP: 34/35 MP: 3/3
   696 | D:2      | Found a hazy altar of Hepliaklqana.
   813 | D:2      | Reached skill level 1 in Invocations
  1146 | D:2      | Reached skill level 1 in Short Blades
  1146 | D:2      | Reached skill level 1 in Axes
  1146 | D:2      | Reached skill level 1 in Maces & Flails
  1146 | D:2      | Reached skill level 1 in Polearms
  1146 | D:2      | Reached skill level 1 in Staves
  1146 | D:2      | Reached skill level 1 in Slings
  1146 | D:2      | Reached skill level 1 in Bows
  1146 | D:2      | Reached skill level 1 in Crossbows
  1146 | D:2      | Reached skill level 1 in Throwing
  1146 | D:2      | Reached skill level 1 in Dodging
  1146 | D:2      | Reached skill level 1 in Stealth
  1146 | D:2      | Reached skill level 1 in Unarmed Combat
  1146 | D:2      | Reached skill level 1 in Spellcasting
  1146 | D:2      | Reached skill level 1 in Evocations
  1146 | D:2      | Reached XP level 4. HP: 34/41 MP: 5/5
  1582 | D:3      | Reached skill level 1 in Conjurations
  1582 | D:3      | Reached skill level 1 in Hexes
  1582 | D:3      | Reached skill level 1 in Charms
  1582 | D:3      | Reached skill level 1 in Summonings
  1582 | D:3      | Reached skill level 1 in Necromancy
  1582 | D:3      | Reached skill level 1 in Translocations
  1582 | D:3      | Reached skill level 1 in Transmutations
  1582 | D:3      | Reached skill level 1 in Fire Magic
  1582 | D:3      | Reached skill level 1 in Ice Magic
  1582 | D:3      | Reached skill level 1 in Air Magic
  1582 | D:3      | Reached skill level 1 in Earth Magic
  1582 | D:3      | Reached skill level 1 in Poison Magic
  1582 | D:3      | Reached XP level 5. HP: 27/47 MP: 6/6
  2006 | D:4      | Found a white marble altar of Elyvilon.
  2059 | D:4      | Reached XP level 6. HP: 45/53 MP: 8/8
  2288 | D:4      | Found a staircase to the Ecumenical Temple.
  2380 | Temple   | Entered the Ecumenical Temple
  2506 | Temple   | Became a worshipper of Warmaster Okawaru
  2545 | D:4      | Found a bloodstained altar of Trog.
  2577 | D:4      | Reached skill level 5 in Long Blades
  2670 | D:4      | Found a burning altar of Makhleb.
  2671 | D:4      | Found a shimmering altar of Xom.
  2699 | D:4      | Paralysed by a crimson imp for 4 turns
  3000 | D:5      | Entered Level 5 of the Dungeon
  3002 | D:5      | Noticed Grinder
  3018 | D:5      | Paralysed by Grinder for 4 turns
  3022 | D:5      | Noticed Pikel
  3022 | D:5      | Noticed a slave
  3022 | D:5      | Noticed a slave
  3022 | D:5      | Noticed a slave
  3059 | D:4      | Killed a slave
  3267 | D:4      | Killed Pikel
  3267 | D:4      | Reached * piety under Okawaru
  3267 | D:4      | Reached ** piety under Okawaru
  3267 | D:4      | Reached XP level 7. HP: 45/60 MP: 9/11
  3274 | D:5      | Noticed Sigmund
  3280 | D:5      | Killed Grinder
  3280 | D:5      | Reached XP level 8. HP: 52/67 MP: 10/12
  3283 | D:5      | Killed Sigmund
  3367 | D:5      | Found a stormy altar of Qazlal.
  3425 | D:5      | Found a sparkling altar of Nemelex Xobeh.
  3920 | D:6      | Reached *** piety under Okawaru
  3967 | D:6      | Found a sand-covered staircase.
  4322 | D:6      | Reached XP level 9. HP: 37/72 MP: 14/14
  4777 | D:6      | Got a translucent turquoise ring
  5444 | D:7      | Identified the ring of Fihaumoi {rElec rF++ rC+ MR- Str+5}
                  | (You found it on level 6 of the Dungeon)
  5594 | D:7      | Noticed a hornet
  5604 | D:7      | Killed a hornet
  5659 | D:7      | Reached **** piety under Okawaru
  5908 | D:7      | Reached skill level 5 in Invocations
  6168 | D:7      | Found a snail-covered altar of Cheibriados.
  6273 | D:8      | Found Xium's Weapon Boutique.
  6529 | D:8      | Reached XP level 10. HP: 80/80 MP: 17/17
  6570 | D:8      | Found Itam's Antique Weapon Boutique.
  6591 | D:8      | Found Aceleqo's Armour Shoppe.
  6840 | D:8      | Found a sacrificial altar of Ru.
  6998 | D:8      | Found Jaxkol's Distillery.
  7112 | D:8      | Reached skill level 5 in Short Blades
  7112 | D:8      | Reached skill level 5 in Axes
  7112 | D:8      | Reached skill level 5 in Maces & Flails
  7112 | D:8      | Reached skill level 5 in Polearms
  7112 | D:8      | Reached skill level 5 in Staves
  7112 | D:8      | Reached skill level 5 in Slings
  7112 | D:8      | Reached skill level 5 in Bows
  7112 | D:8      | Reached skill level 5 in Crossbows
  7112 | D:8      | Reached skill level 5 in Throwing
  7112 | D:8      | Reached skill level 5 in Dodging
  7112 | D:8      | Reached skill level 5 in Stealth
  7112 | D:8      | Reached skill level 5 in Unarmed Combat
  7112 | D:8      | Reached skill level 5 in Spellcasting
  7112 | D:8      | Reached skill level 5 in Evocations
  7187 | D:9      | Found a glowing silver altar of Zin.
  7199 | D:9      | Found a shadowy altar of Dithmenos.
  7200 | D:9      | Got a twisted chain mail
  7219 | D:8      | Identified the +2 chain mail "Biamung" {rElec rPois rCorr
                  | Dex-3} (You found it on level 9 of the Dungeon)
  7277 | D:9      | Noticed Grum
  7289 | D:9      | Killed Grum
  7309 | D:9      | Reached ***** piety under Okawaru
  7402 | D:9      | Found a white marble altar of Elyvilon.
  7499 | D:9      | Got a smoking hand axe
  7500 | D:9      | Identified the +12 hand axe "Arghok" {chop, *Slow rF++
                  | rN+++ Str-2} (You found it on level 9 of the Dungeon)
  7597 | D:9      | You fall into a shaft and drop 3 floors!
  7602 | D:12     | Noticed a five-headed hydra
  7612 | D:12     | Killed a one-headed hydra
  7613 | D:12     | Found a gate leading to a gauntlet.
  7659 | D:12     | Reached XP level 11. HP: 63/87 MP: 13/19
  7750 | Gauntlet | Entered a Gauntlet
  7750 | Gauntlet | Found a transporter.
  7750 | Gauntlet | Found a transporter.
  7760 | Gauntlet | Noticed a moth of wrath
  7762 | Gauntlet | Found a transporter.
  7763 | Gauntlet | Found a transporter.
  7770 | Gauntlet | Found a transporter.
  7774 | Gauntlet | Found a large runed translucent door.
  7775 | Gauntlet | Found a large runed translucent door.
  7776 | Gauntlet | Found a large runed translucent door.
  7776 | Gauntlet | Found a large runed translucent door.
  7776 | Gauntlet | Found a large runed translucent door.
  7777 | Gauntlet | Found a runed translucent door.
  7777 | Gauntlet | Noticed a moth of wrath
  7790 | Gauntlet | Found a transporter.
  7800 | Gauntlet | Found a transporter.
  7800 | Gauntlet | Noticed a hell hog
  7803 | Gauntlet | Found a transporter.
  7803 | Gauntlet | Found a transporter.
  7805 | Gauntlet | Found a large runed translucent door.
  7806 | Gauntlet | Found a large runed translucent door.
  7808 | Gauntlet | Found a runed translucent gate.
  7849 | Gauntlet | Found a transporter.
  7860 | Gauntlet | Noticed a sixfirhy
  7861 | Gauntlet | Found a transporter.
  7908 | Gauntlet | Found a transporter.
  7925 | Gauntlet | Found a transporter.
  7939 | Gauntlet | Found a transporter.
  8053 | Gauntlet | Found a transporter.
  8055 | Gauntlet | Found a large runed translucent door.
  8056 | Gauntlet | Found a large runed translucent door.
  8057 | Gauntlet | Found a runed translucent door.
  8057 | Gauntlet | Found a large runed translucent door.
  8057 | Gauntlet | Found a large runed translucent door.
  8058 | Gauntlet | Found a large runed translucent door.
  8064 | Gauntlet | Found a large runed translucent door.
  8064 | Gauntlet | Found a large runed translucent door.
  8065 | Gauntlet | Found a large runed translucent door.
  8065 | Gauntlet | Found a large runed translucent door.
  8067 | Gauntlet | Found a runed translucent gate.
  8067 | Gauntlet | Found a runed translucent gate.
  8069 | Gauntlet | Found a transporter.
  8368 | Gauntlet | Killed a sixfirhy
  8368 | Gauntlet | Received a gift from Okawaru
  8448 | Gauntlet | Reached skill level 5 in Conjurations
  8448 | Gauntlet | Reached skill level 5 in Hexes
  8448 | Gauntlet | Reached skill level 5 in Charms
  8448 | Gauntlet | Reached skill level 5 in Summonings
  8448 | Gauntlet | Reached skill level 5 in Necromancy
  8448 | Gauntlet | Reached skill level 5 in Translocations
  8448 | Gauntlet | Reached skill level 5 in Transmutations
  8448 | Gauntlet | Reached skill level 5 in Fire Magic
  8448 | Gauntlet | Reached skill level 5 in Ice Magic
  8448 | Gauntlet | Reached skill level 5 in Air Magic
  8448 | Gauntlet | Reached skill level 5 in Earth Magic
  8448 | Gauntlet | Reached skill level 5 in Poison Magic
  8455 | Gauntlet | Got a scintillating platinum ring
  8457 | Gauntlet | Identified the ring "Ogugak" {rElec rC+ MR+ Dex+2} (You
                  | found it in a Gauntlet)
  8505 | Gauntlet | Killed a hell hog
  8517 | Gauntlet | Received a gift from Okawaru
  8552 | Gauntlet | Got a heavily runed buckler {god gift}
  8558 | Gauntlet | Identified the +0 buckler "Gatwiuh" {rN+ Dex+2} (Okawaru
                  | gifted it to you in a Gauntlet)
  8708 | Gauntlet | Identified the cursed +0 arbalest of Royalism {velocity,
                  | Dex+4}
  8708 | Gauntlet | Identified the ring of Zetsayshri {MR+ Str+2 Dex-2 Slay+3}
  8708 | Gauntlet | Noticed a minotaur
  8718 | Gauntlet | Mangled by a minotaur

Levels and vault maps discovered:
D:1:      ncdulo_smallfort, layout_loops_ring, corexii_item_surrounded_by_moat
D:2:      layout_loops_ring, lemuel_doored_altar
D:3:      layout_loops_cross, first_ration, skrybe_limestone_x
D:4:      layout_gridville, grunt_temple_overflow_champion_of_chaos,
          bloody_trog, elyvilon_altar_5, minmay_temple_entry_glass
D:5:      layout_basic, nemelex_xobeh_ov_fountains_minmay, basic_altar,
          uniq_grinder, uniq_pikel, uniq_sigmund
D:6:      layout_gridville, nicolae_ossuary_entry_ruins
D:7:      layout_loops_corners, the_bakery, cheibrodos_worm_habitat
D:8:      layout_rooms, lemuel_round_altar, serial_shops, kennysheep_mini,
          shop_fountains, shop, nicolae_shop_waterfront, special_room
          [special_room_orc]
D:9:      layout_loops_ring, lemuel_crystal_altar,
          nicolae_overflow_hidden_temple, basic_altar, uniq_grum
D:12:     minmay_bubble_buster, layout_basic, hiddenorc1_lemuel,
          gauntlet_entry_generic, kennysheep_opposing_triangles, uniq_kirke,
          uniq_nessos
Temple:   nicolae_temple_figure_eight
Gauntlet: gammafunk_gauntlet_branching [nicolae_gauntlet_arena_x,
          nicolae_gauntlet_arena_t_cross,
          minmay_gauntlet_arena_make_your_own_arena,
          gammafunk_gauntlet_arena_split_diamond, nicolae_gauntlet_swirl,
          gammafunk_gauntlet_arena_spirals,
          gammafunk_gauntlet_arena_arrow_garden, gammafunk_gauntlet_arena_teeth,
          gauntlet_exit_watery]

Skill      XL: |  1  2  3  4  5  6  7  8  9 10 11 |
---------------+----------------------------------+-----
Invocations    | 1 2 3 4 5 6 |  6.8
Short Blades   | 1 2 3 4 5 6 |  6.2
Axes           | 1 2 3 4 5 6 |  6.2
Maces & Flails | 1 2 3 4 5 6 |  6.2
Polearms       | 1 2 3 4 5 6 |  6.2
Staves         | 1 2 3 4 5 6 |  6.2
Slings         | 1 2 3 4 5 6 |  6.2
Bows           | 1 2 3 4 5 6 |  6.2
Crossbows      | 1 2 3 4 5 6 |  6.2
Throwing       | 1 2 3 4 5 6 |  6.2
Dodging        | 1 2 3 4 5 6 |  6.2
Stealth        | 1 2 3 4 5 6 |  6.2
Unarmed Combat | 1 2 3 4 5 6 |  6.2
Spellcasting   | 1 2 3 4 5 6 |  6.2
Evocations     | 1 2 3 4 5 6 |  6.2
Conjurations   | 1 2 3 4 5 |  5.1
Hexes          | 1 2 3 4 5 |  5.1
Charms         | 1 2 3 4 5 |  5.1
Summonings     | 1 2 3 4 5 |  5.1
Necromancy     | 1 2 3 4 5 |  5.1
Translocations | 1 2 3 4 5 |  5.1
Transmutations | 1 2 3 4 5 |  5.1
Fire Magic     | 1 2 3 4 5 |  5.1
Ice Magic      | 1 2 3 4 5 |  5.1
Air Magic      | 1 2 3 4 5 |  5.1
Earth Magic    | 1 2 3 4 5 |  5.1
Poison Magic   | 1 2 3 4 5 |  5.1
Long Blades    | 5 6 7 |  7.8
Fighting       | 7 8 9 |  9.1
Armour         | 7 8 9 |  9.1
Shields        | 7 8 9 |  9.1

Action                   |  1- 3 |  4- 6 |  7- 9 | 10-12 || total
-------------------------+-------+-------+-------+-------++-------
Melee: Long sword        |    95 |   218 |   311 |   351 ||   975
       Bite              |    10 |    41 |    54 |    60 ||   165
       Hand axe          |       |       |       |    13 ||    13
Invok: Heroism           |       |       |     4 |     8 ||    12
       Finesse           |       |       |       |     2 ||     2
  Use: Potion            |     4 |     2 |       |     1 ||     7
       Scroll            |       |     3 |     2 |     5 ||    10
  Eat: Chunk             |       |     5 |     9 |     5 ||    19
       Ration            |       |     1 |       |     1 ||     2
Armor: Scale mail        |    36 |     2 |       |       ||    38
       Chain mail        |       |   105 |   145 |   134 ||   384
       Plate armour      |       |       |       |    26 ||    26
Dodge: Dodged            |    25 |    64 |   130 |   174 ||   393
Block: Shield            |    45 |   134 |   227 |   296 ||   702
       Rpst.: Long sword |     7 |    20 |    39 |    52 ||   118
